 Dungeon Crawl Stone Soup version 0.20-a0-1043-gbd57889 (webtiles) character file.

3369 Deemzul the Cleaver (level 10, 0/102 HPs)
             Began as an Octopode Berserker on Apr 24, 2017.
             Was an Elder of Trog.
             Slain by a wolf (5 damage)
             ... led by Grum
             ... on level 8 of the Dungeon.
             The game lasted 00:09:50 (6494 turns).

Deemzul the Cleaver (Octopode Berserker)            Turns: 6494, Time: 00:09:50

Health: 0/102      AC:  1    Str: 25    XL:     10   Next: 3%
Magic:  10/12      EV: 16    Int:  9    God:    Trog [****..]
Gold:   303        SH:  0    Dex: 15    Spells: 9/9 levels left

rFire    . . .     SeeInvis +   q - +2 war axe (freeze)
rCold    . . .     Gourm    .   (no shield)
rNeg     . . .     Faith    .   (helmet restricted)
rPois    +         Spirit   .   J - amulet of magic regeneration
rElec    .         Reflect  .   H - ring of see invisible
rCorr    .         Harm     .   y - ring of poison resistance
MR       .....                  D - +3 ring of strength
Stlth    ..........             E - ring of stealth
Regen    0.3/turn               (no ring)
MPRegen  0.2/turn               (no ring)
                                (no ring)
                                (no ring)

@: berserking, very quick
A: almost no armour, stealthy swim, amphibious, 8 rings, constrict 8, camouflage
1, gelatinous body 1
a: Berserk, Trog's Hand, Brothers in Arms, Burn Spellbooks, Renounce Religion


You were on level 8 of the Dungeon.
You worshipped Trog.
Trog was greatly pleased with you.
You were very hungry.

You visited 2 branches of the dungeon, and saw 9 of its levels.
You also visited: Ossuary.

You collected 394 gold pieces.
You spent 91 gold pieces at shops.

Inventory:

Hand Weapons
 q - a +2 war axe of freezing (weapon)
Jewellery
 u - the ring of Muehiof {+Blink rC++ MP+9 Slay-3}
   (You found it on level 5 of the Dungeon)

   [ring of magical power]

   It affects your accuracy and damage with ranged weapons and melee attacks
   (-3).
   It greatly protects you from cold.
   It affects your magic capacity (+9).
   It lets you blink.
 y - a ring of poison resistance (right tentacle)
 D - a +3 ring of strength (on tentacle)
 E - a ring of stealth (on tentacle)
 H - a ring of see invisible (left tentacle)
 J - an amulet of magic regeneration (around mantle)
Wands
 t - a wand of random effects (20/48)
 v - a wand of lightning (5/15)
Scrolls
 c - 2 scrolls of immolation {unknown}
 e - 7 scrolls of remove curse {unknown}
 g - 13 scrolls of identify {unknown}
 i - a scroll of blinking {unknown}
 j - 3 scrolls of fear {unknown}
 k - a scroll of recharging {unknown}
 p - 2 scrolls of noise {unknown}
 w - 2 scrolls of amnesia {unknown}
 C - 2 scrolls of magic mapping {unknown}
 I - a scroll of enchant weapon {unknown}
Potions
 a - a potion of might {unknown}
 d - 2 potions of agility {unknown}
 h - a potion of cancellation {unknown}
 l - a potion of degeneration {unknown}
 m - a potion of haste {unknown}
 n - a potion of invisibility {unknown}
 o - 2 potions of flight {unknown}
 r - 5 potions of heal wounds {unknown}
 s - 3 potions of mutation {unknown}
 x - a potion of resistance {unknown}
 z - a potion of berserk rage {unknown}
 A - 6 potions of curing {unknown}
 B - a potion of ambrosia {unknown}
Books
 G - a book of Debilitation

   Spells                             Type                      Level
   a - Corona                         Hexes                        1
   b - Slow                           Hexes                        2
   c - Inner Flame                    Hexes/Fire                   3
   d - Portal Projectile              Hexes/Translocation          3
   e - Cause Fear                     Hexes                        4
   f - Leda's Liquefaction            Hexes/Earth                  4
   Trog disapproves of the use of such an item.
 K - a book of Flames

   Spells                             Type                      Level
   a - Flame Tongue                   Conjuration/Fire             1
   b - Throw Flame                    Conjuration/Fire             2
   c - Conjure Flame                  Conjuration/Fire             3
   d - Inner Flame                    Hexes/Fire                   3
   e - Sticky Flame                   Conjuration/Fire             4
   f - Fireball                       Conjuration/Fire             5
   Trog disapproves of the use of such an item.
Comestibles
 b - 6 bread rations
 f - 4 fruits
 F - 2 meat rations
 L - 7 chunks of flesh


   Skills:
 + Level 5.7 Fighting
 * Level 10.8 Axes
 + Level 5.5 Dodging
 + Level 7.6 Stealth
 + Level 2.9 Evocations


You had 9 spell levels left.
You didn't know any spells.

Dungeon Overview and Level Annotations

Branches:
Dungeon (8/15)             Temple (1/1) D:6
   Lair: D:8-11

Altars:
Ashenzari
Cheibriados
Dithmenos
Elyvilon
Fedhas
Gozag
Kikubaaqudgha
Makhleb
Nemelex Xobeh
Okawaru
Qazlal
Ru
Sif Muna
Trog
Uskayaw
Vehumet
Xom
Yredelemnul
Zin
The Shining One

Shops:
D:6 [   D:7 =

Annotations:
D:5 odie's ghost, amateur TrBe


Innate Abilities, Weirdness & Mutations

You cannot wear most types of armour.
You are very stealthy in the water. (Stealth+)
You are amphibious.
You can wear up to eight rings at the same time.
You can use your tentacles to constrict eight enemies at once.
Your skin changes colour to match your surroundings (Stealth+).
Your rubbery body absorbs attacks. (AC +1, EV +1)


Message History

The wolf is heavily wounded.
You slash the centaur! You freeze the centaur. You slash the wolf!
You freeze the wolf. The wolf bites you!
* * * LOW HITPOINT WARNING * * *
The centaur closely misses you. The wolf misses you.
Unknown command.
You hit the wolf. You freeze the wolf. Your grab misses the wolf.
The wolf is severely wounded.
You slash the centaur! You freeze the centaur.
You kill the centaur!
Trog accepts your kill.
You have reached level 10!
You feel stronger.
You miss the wolf. The wolf completely misses you. The wolf bites you!
* * * LOW HITPOINT WARNING * * *
You slash the wolf! You freeze the wolf.
You kill the wolf!
Trog accepts your kill.
You closely miss the wolf. The wolf bites you.
You die...

...#########.....#
##...........#####
...#.........#
...#.........#
...#.........#
...#.........#
...#.........#
+###.........###########
##+#......<..@h......
#.........)†......
+.................
#......(..........
#.................
#.....#+###.......
#..... ....... +.....
.......


You could see a wolf.

Vanquished Creatures
  A slime creature (D:6)
  Sigmund (D:6)
  Eustachio (D:6)
  Grum (D:8)
  A hungry ghost (D:7)
  Duvessa (D:6)
  2 ogres
  3 centaurs
  2 wolves (D:8)
  2 bullfrogs (D:7)
  A wyvern zombie (D:7)
  Dowan (D:6)
  5 water moccasin zombies (Ossuary)
  A scorpion (D:4)
  A howler monkey (D:4)
  4 crimson imps
  2 quasits
  3 orc priests
  4 hounds
  5 jellies (D:6)
  Natasha (D:2)
  A bullfrog skeleton (D:5)
  A centaur skeleton (D:4)
  2 iguanas
  2 orc wizards (D:3)
  6 worker ants
  5 big kobold zombies (Ossuary)
  A hound skeleton (D:7)
  2 mummies (Ossuary)
  4 gnolls (D:8)
  5 adders
  14 oozes (D:6)
  An adder skeleton (D:4)
  4 adder zombies (Ossuary)
  3 dart slugs
  3 leopard geckos
  10 orcs
  8 bats
  4 giant cockroaches
  2 gnoll zombies (Ossuary)
  8 goblins
  5 hobgoblins (D:1)
  3 jackals (D:5)
  2 kobolds
  6 quokkas
  A ball python (D:2)
  2 frilled lizards
  6 hobgoblin zombies (Ossuary)
  3 kobold zombies (Ossuary)
  2 orc zombies (Ossuary)
  A quokka zombie (D:5)
  6 rats
  A rat zombie (D:5)
  A fungus (D:6)
168 creatures vanquished.

Vanquished Creatures (collateral kills)
  A wolf (D:8)
1 creature vanquished.

Vanquished Creatures (others)
  4 fungi (D:6)
4 creatures vanquished.

Grand Total: 173 creatures vanquished

Notes
Turn   | Place    | Note
-------+----------+-------------------------------------------
     0 | D:1      | Deemzul the Octopode Berserker began the quest for the Orb.
     0 | D:1      | Reached XP level 1. HP: 16/16 MP: 1/1
   152 | D:1      | Reached XP level 2. HP: 19/21 MP: 2/2
   384 | D:1      | Reached skill level 1 in Stealth
   384 | D:1      | Reached XP level 3. HP: 15/26 MP: 3/3
   508 | D:2      | Reached ** piety under Trog
   736 | D:2      | Noticed Natasha
   741 | D:2      | Killed Natasha
   741 | D:2      | Reached skill level 4 in Axes
   741 | D:2      | Reached XP level 4. HP: 22/31 MP: 4/4
  1148 | D:2      | Found a shattered altar of Ashenzari.
  1688 | D:3      | Reached XP level 5. HP: 28/36 MP: 5/5
  1712 | D:3      | Found a shadowy altar of Dithmenos.
  1767 | D:3      | Reached skill level 5 in Axes
  1951 | D:3      | Found an ancient bone altar of Kikubaaqudgha.
  2036 | D:3      | Reached XP level 6. HP: 41/42 MP: 6/6
  2126 | D:3      | Found a shattered altar of Ashenzari.
  2247 | D:3      | Found a stormy altar of Qazlal.
  2247 | D:3      | Found a glowing silver altar of Zin.
  2703 | D:4      | Found a white marble altar of Elyvilon.
  2714 | D:4      | Reached skill level 6 in Axes
  2842 | D:5      | Entered Level 5 of the Dungeon
  2848 | D:5      | Found a radiant altar of Vehumet.
  2898 | D:5      | Reached XP level 7. HP: 21/47 MP: 7/7
  2907 | D:5      | Got a slimy amber ring
  2908 | D:5      | Identified the ring of Muehiof {+Blink rC++ MP+9 Slay-3} (You found it on level 5 of the Dungeon)
  3028 | D:5      | Found a sand-covered staircase.
  3278 | Ossuary  | Entered an ossuary
  3282 | Ossuary  | Reached *** piety under Trog
  3760 | Ossuary  | Reached skill level 7 in Axes
  3848 | Ossuary  | Reached XP level 8. HP: 29/54 MP: 8/8
  4301 | D:5      | Noticed odie's ghost (amateur TrBe)
  4358 | D:4      | Reached skill level 5 in Stealth
  4652 | D:6      | Reached skill level 8 in Axes
  4727 | D:6      | Found a hide-covered altar of Uskayaw.
  4731 | D:6      | Noticed Sigmund
  4741 | D:6      | Killed Sigmund
  4782 | D:6      | Found a basalt altar of Yredelemnul.
  4785 | D:6      | Found an iron altar of Okawaru.
  4807 | D:6      | Noticed a slime creature
  4809 | D:6      | Reached **** piety under Trog
  4822 | D:6      | Killed a slime creature
  4822 | D:6      | Reached skill level 9 in Axes
  4866 | D:6      | Noticed Duvessa
  4867 | D:6      | Noticed Dowan
  4872 | D:6      | Killed Duvessa
  4872 | D:6      | Reached XP level 9. HP: 59/59 MP: 9/9
  4873 | D:6      | Killed Dowan
  4955 | D:6      | Found Bopom's Armour Shop.
  4990 | D:6      | Found an opulent altar of Gozag.
  5033 | D:6      | Noticed Eustachio
  5038 | D:6      | Killed Eustachio
  5057 | D:6      | Found a sparkling altar of Nemelex Xobeh.
  5065 | D:6      | Reached skill level 10 in Axes
  5092 | D:6      | Found a staircase to the Ecumenical Temple.
  5142 | Temple   | Entered the Ecumenical Temple
  5290 | D:7      | HP: 1/60 [wyvern zombie (15)]
  5596 | D:7      | Reached skill level 5 in Fighting
  5600 | D:7      | Reached skill level 1 in Evocations
  5940 | D:7      | Found Cuolua Qiane's Jewellery Shop.
  5967 | D:7      | Bought a cursed ring of loudness for 63 gold pieces
  5967 | D:7      | Bought a cursed amulet of inaccuracy for 28 gold pieces
  6091 | D:7      | Reached skill level 5 in Dodging
  6476 | D:8      | Noticed Grum
  6484 | D:8      | Killed Grum
  6493 | D:8      | Reached XP level 10. HP: 16/68 MP: 10/12
  6493 | D:8      | HP: 5/102 [wolf[Grum] (11)]
  6494 | D:8      | Slain by a wolf

Vault maps used:
D:1:      dpeg_arrival_morbid_curiosity
D:2:      ashenzari_conservatory_becter, first_bread, uniq_natasha
D:3:      old_standard_altar, lemuel_doored_altar,
          gammafunk_temple_overflow_wave, ashenzari_altar_1
D:4:      old_standard_altar
D:5:      overflow_temple_1_default, enter_ossuary_4
D:6:      lemuel_slime, minitemple, kennysheep_mini_moat,
          minmay_temple_entry_butterflies, serial_shops, shop,
          nemelex_dance_club_becter, uniq_duvessa, uniq_eustachio, uniq_sigmund
D:7:      serial_shops, shop
D:8:      nicolae_overflow_hidden_temple, grunt_ogre_cave, uniq_psyche,
          uniq_grum
Temple:   nicolae_temple_figure_zero
Ossuary:  ossuary_tomb_2

Skill      XL: |  1  2  3  4  5  6  7  8  9 |
---------------+----------------------------+-----
Stealth        | 1 2 3 4 6 7 |  7.6
Axes           | 4 5 6 7 9 10 | 10.8
Dodging        | 4 5 |  5.5
Fighting       | 4 5 |  5.7
Evocations     | 2 |  2.9

Action                   |  1- 3 |  4- 6 |  7- 9 | 10-12 || total
-------------------------+-------+-------+-------+-------++-------
Melee: Hand axe          |    52 |    50 |       |       ||   102
       Constrict         |    15 |    13 |    41 |       ||    69
       Tentacles         |    11 |    16 |    55 |       ||    82
       War axe           |       |    24 |   236 |     1 ||   261
Invok: Berserk           |       |     1 |     6 |       ||     7
       Trog's Hand       |       |     1 |       |       ||     1
       Brothers in Arms  |       |       |     1 |       ||     1
 Stab: Sleeping          |     4 |    10 |    17 |       ||    31
       Distracted        |       |       |     1 |       ||     1
  Eat: Chunk             |       |     5 |    17 |       ||    22
       Royal jelly       |       |       |     1 |       ||     1
       Meat ration       |       |       |     1 |       ||     1
Armor: Skin              |     8 |     2 |     7 |       ||    17
Dodge: Dodged            |    39 |    36 |   186 |     1 ||   262
